cohdb
Replays
Latest Replays
All Replays
Popular Replays
Top Player Replays
Match Explorer
How It Works
Community
CoH3 Stats
Reddit
Sign in to upload your games and track your stats! →
Sign in with Steam
Frenchie DAK
Match 14723800
Overview
Messages
Build Orders
End
Construct Barracks
Selects Special Operations Battlegroup
Selects M29 Weasel Recon Vehicle
M29 Weasel Recon Vehicle
Riflemen Squad
Riflemen Squad
Riflemen Squad
Construct Medical Station
Infantry Support Center
Riflemen Squad
Grenade Package
Selects Raiding Flares
Construct Motor Pool
M1 Anti-tank Gun Team
Riflemen Squad
Riflemen Squad
AI Takeover
Heywooo
ShiftyParadigm
Dodo
Sgannarel
Kamfrenchie
iNNo.-
0
0
Comments
sign in to comment!
No comments posted yet!